 Dungeon Crawl Stone Soup version 0.29.1-15-g9cfb28693d (webtiles) character file.

Game seed: 9874164810533622777

205 Hugehornet the Covered (level 5, -7/48 HPs)
             Began as a Gargoyle Fighter on Mar 21, 2023.
             Killed from afar by Natasha (10 damage)
             ... with a magic dart
             ... on level 3 of the Dungeon.
             The game lasted 00:05:05 (2839 turns).

Hugehornet the Covered (Gargoyle Fighter)           Turns: 2839, Time: 00:05:06

Health: -7/48      AC: 22    Str: 25    XL:     5   Next: 83%
Magic:  5/5        EV:  2    Int: 11    God:
Gold:   155        SH:  4    Dex:  9    Spells: 4/4 levels left

rFire   . . .      SeeInvis .   a - +0 flail
rCold   . . .      Faith    .   c - +0 buckler
rNeg    + . .      Spirit   .   (body armour currently unavailable)
rPois   ∞          Reflect  .   (helmet currently unavailable)
rElec   .          Harm     .   (cloak currently unavailable)
rCorr   .          Rampage  .   (gloves currently unavailable)
Will    .....      NoTele   +   (boots currently unavailable)
Stlth   +.........              (no amulet)
HPRegen 0.16/turn               s - +6 ring of strength
MPRegen 0.09/turn               (no ring)

@: tree-form, slowed, very slow
A: stationary, stasis, torment immunity, boosted hp, sickness immunity, AC +4,
negative energy resistance 1, (electricity resistance), torment resistance 1,
petrification resistance
a: no special abilities


You were on level 3 of the Dungeon.
You were a tree.
You visited 1 branch of the dungeon, and saw 3 of its levels.

You collected 155 gold pieces.

Inventory:

Hand Weapons
 a - a +0 flail (weapon)
 p - a +0 war axe
Armour
 b - a +0 scale mail (melded)
 c - a +0 buckler (worn)
 h - a +0 cloak (melded)
 m - a +0 helmet (melded)
Jewellery
 s - a +6 ring of strength (left branch)
Scrolls
 e - a scroll of magic mapping {unknown}
 f - 2 scrolls of identify {unknown}
 g - a scroll of silence {unknown}
 k - 6 scrolls of immolation {unknown}
 l - a scroll of noise {unknown}
 n - 2 scrolls of enchant armour {unknown}
 o - 2 scrolls of amnesia {unknown}
 q - a scroll of torment {unknown}
 t - a scroll of blinking {unknown}
Potions
 d - a potion of might
 i - a potion of flight {unknown}
 j - a potion of lignification
 r - a potion of curing {unknown}
 u - a potion of heal wounds {unknown}


   Skills:
 - Level 3.2 Fighting
 + Level 4.3 Maces & Flails
 + Level 5.4 Armour
 - Level 3.2 Shields


You had 4 spell levels left.
You didn't know any spells.
Your spell library contained the following spells:

 Spells                   Type           Power      Damage    Failure   Level
 Sting                    Tmut/Pois      0%         1d3       43%         1
 Poisonous Vapours        Pois/Air       0%         N/A       56%         2
 Olgreb's Toxic Radiance  Pois           0%         N/A       99%         4
 Summon Forest            Summ/Tloc      0%         N/A       100%        5
 Summon Mana Viper        Hex/Summ       0%         N/A       100%        5
 Summon Cactus Giant      Summ           0%         N/A       100%        6


Dungeon Overview and Level Annotations

Branches:
Dungeon (3/15)

Altars:

Shops:
D:1 ?

Annotations:
D:3 Natasha


Innate Abilities, Weirdness & Mutations

You are a tree.
Your roots penetrate the ground, keeping you stationary.
You cannot be teleported.
You are immune to unholy pain and torment.
Your maximum health is greatly increased.
Your equipment is partially melded.
You are immune to sickness and miasma.
((Your stone body is resilient. (AC +4)))
You are immune to poison.
You resist negative energy. (rN+)
((You are resistant to electric shocks. (rElec)))
You are resistant to unholy torment.
You are immune to petrification.


Message History

You sock Natasha!
Natasha is severely wounded.
You block Natasha's attack. You block the crimson imp's attack.
The shadow imp closely misses you. Natasha claws you.
The crimson imp hits you but does no damage.
You block the shadow imp's attack.
You closely miss Natasha.
Natasha is severely wounded.
The crimson imp disappears in a puff of smoke!
Natasha claws you. The shadow imp barely misses you.
Natasha claws you but does no damage.
The shadow imp grins evilly.
The shadow imp hits you but does no damage.
You hit Natasha.
Natasha is almost dead.
Natasha casts a spell.
The shadow imp hits you but does no damage.
Natasha casts a spell at you. You resist with some effort.
The shadow imp completely misses you.
You hit Natasha but do no damage.
Natasha is almost dead.
Natasha closely misses you. The shadow imp gestures at you.
Pain shoots through your body!
* * * LOW HITPOINT WARNING * * *
The shadow imp barely misses you. Natasha claws you!
* * * LOW HITPOINT WARNING * * *
It was a potion of lignification.
You turn into a tree.
Your +0 cloak melds into your body.
Your +0 helmet melds into your body.
Your +0 scale mail melds into your body.
Your roots penetrate the ground.
The shadow imp barely misses you.
The shadow imp hits you but does no damage.
Natasha stares at you and mumbles some strange words.
The magic dart hits you but does no damage.
The shadow imp hits you but does no damage. x2
You hit Natasha but do no damage.
Natasha is almost dead.
Natasha stares at you and mumbles some strange words.
The magic dart hits you!
You die...

#.#..######.#########......#
####.##.## ##.## #......#
...#.....# #...# #......#
...#####.# #...# #......# ...#
#.####...########......# ...#
#............#..)......# ...#
#............#)##......#
...#####.#......5.....#######.#
.........#......♣h...## #.#
##.#######.......5..#########.#
....# ##....................#
....# ##.......>...........).#
....# #P..P..................##
....# #P....#.................#
....# #P....#######..........(#
....####.....#######.....#)....#
.....†..PPPPP..........###.....#


You could see Natasha and 2 shadow imps.

Vanquished Creatures
  Natasha (twice) (D:3)
  Robin (D:3)
  6 adders
  2 worms (D:2)
  5 dart slugs
  6 ball pythons
  5 endoplasms
  3 giant cockroaches
  15 goblins
  8 hobgoblins
  A quokka (D:3)
  5 bats
  6 frilled lizards
  6 kobolds
  5 rats
76 creatures vanquished.

Vanquished Creatures (others)
  2 fungi (D:3)
  5 toadstools (D:3)
7 creatures vanquished.

Grand Total: 83 creatures vanquished

Notes
Turn   | Place    | Note
-------+----------+-------------------------------------------
     0 | D:1      | Hugehornet the Gargoyle Fighter began the quest for the
                  | Orb.
     0 | D:1      | Reached XP level 1. HP: 14/14 MP: 1/1
   246 | D:1      | Found Pyeh's Magic Scroll Emporium.
   306 | D:1      | Reached XP level 2. HP: 18/19 MP: 2/2
   607 | D:1      | Reached XP level 3. HP: 21/23 MP: 3/3
   641 | D:1      | Reached skill level 4 in Armour
  1092 | D:2      | Reached XP level 4. HP: 22/28 MP: 4/4
  1644 | D:3      | Noticed Robin
  1894 | D:3      | Reached XP level 5. HP: 15/32 MP: 5/5
  2310 | D:3      | Reached skill level 5 in Armour
  2334 | D:3      | Noticed Natasha
  2340 | D:3      | Killed Natasha
  2499 | D:3      | Killed Robin
  2686 | D:3      | Noticed Natasha
  2693 | D:3      | Killed Natasha
  2823 | D:3      | Noticed Natasha
  2837 | D:3      | HP: 1/32 [Natasha (7)]
  2839 | D:3      | Killed from afar by Natasha

Illustrated notes

Levels and vault maps discovered:
D:1:      eino_arrival_cavern_a, layout_loops_ring, serial_shops,
          nicolae_lakefront_shop
D:2:      layout_rooms
D:3:      layout_basic, minmay_gold_behind_fungi,
          amcnicky_mini_rare_corridor_liquid, uniq_robin, uniq_natasha

Skill      XL: |  1  2  3  4  5 |
---------------+----------------+-----
Armour         | 4 5 |  5.4
Maces & Flails | 3 4 |  4.3
Fighting       | |  3.2
Shields        | |  3.2

Action                   |  1- 3 |  4- 6 || total
-------------------------+-------+-------++-------
Melee: Flail             |   103 |   159 ||   262
  Use: Potion            |       |     1 ||     1
Armor: Scale mail        |    60 |   114 ||   174
       Skin              |       |     4 ||     4
Dodge: Dodged            |    54 |    85 ||   139
Block: Buckler           |    16 |    41 ||    57
